 Dungeon Crawl Stone Soup version 0.22-a0-161-g198051c (webtiles) character file.

1472 Raptoricus the Slasher (level 8, -1/62 HPs)
             Began as a Demonspawn Berserker on Feb 11, 2018.
             Was an Elder of Trog.
             Slain by an orc warrior
             ... wielding a +0 club
              (23 damage)
             ... on level 8 of the Dungeon.
             The game lasted 00:25:30 (6079 turns).

Raptoricus the Slasher (Demonspawn Berserker)       Turns: 6079, Time: 00:25:31

Health: -1/62      AC: 16    Str: 24    XL:     8   Next: 49%
Magic:  2/2        EV: 10    Int:  8    God:    Trog [****..]
Gold:   162        SH:  0    Dex: 14    Spells: 7/7 levels left

rFire    + . .     SeeInvis .   a - +3 falchion (antimagic)
rCold    . . .     Gourm    .   (no shield)
rNeg     . . .     Faith    .   h - +0 plate armour
rPois    +         Spirit   .   J - +0 helmet
rElec    .         Reflect  .   C - +1 cloak {rPois}
rCorr    .         Harm     .   (no gloves)
MR       .....                  (no boots)
Stlth    ..........             (no amulet)
HPRegen  0.20/turn              t - ring of protection from fire
MPRegen  0.08/turn              x - ring of stealth

@: mighty
A: claws 1, demonic guardian 1, spiny 2, sturdy frame 2
a: Berserk, Trog's Hand, Brothers in Arms, Burn Spellbooks, Renounce Religion


You were on level 8 of the Dungeon.
You worshipped Trog.
Trog was greatly pleased with you.
You were not hungry.

You visited 1 branch of the dungeon, and saw 8 of its levels.

You collected 312 gold pieces.
You spent 150 gold pieces at shops.

Inventory:

Hand Weapons
 a - a +3 antimagic falchion (weapon)
 p - a +0 blowgun
Missiles
 k - 259 stones (quivered)
 q - 77 poisoned needles
 s - 28 sling bullets
Armour
 h - a +0 plate armour (worn)
 v - a +0 chain mail
 C - a +1 cloak of poison resistance (worn)
 J - a +0 helmet (worn)
Jewellery
 j - an uncursed ring of wizardry
 t - a ring of protection from fire (left claw)
 x - a ring of stealth (right claw)
Wands
 r - a wand of iceblast (9)
 z - a wand of disintegration (30)
 F - a wand of polymorph (11)
Scrolls
 b - a scroll of random uselessness {unknown}
 d - 6 scrolls of remove curse
 g - 2 scrolls of magic mapping
 o - 3 scrolls of teleportation
 y - a scroll of fog
 B - a scroll of immolation
Potions
 i - a potion of curing
 l - a potion of resistance
 m - a potion of brilliance
 n - a potion of heal wounds
 u - 2 potions of agility
 A - a potion of ambrosia
 I - a potion of lignification {unknown}
Comestibles
 c - 19 rations
 f - 5 chunks of flesh


   Skills:
 + Level 5.0 Fighting
 + Level 7.0 Long Blades
 + Level 6.0 Armour
 + Level 2.7 Dodging


You had 7 spell levels left.
You didn't know any spells.

Dungeon Overview and Level Annotations

Branches:
Dungeon (8/15)             Temple (0/1) D:5
   Lair: D:8-11

Altars:
Gozag
Kikubaaqudgha
Makhleb
Okawaru
Qazlal
Ru
Trog
Xom
The Shining One
Beogh

Shops:
D:4 (   D:7 ?


Innate Abilities, Weirdness & Mutations

You have sharp fingernails.
A weak demonic guardian rushes to your aid.
You are mostly covered in sharp spines.
Your movements are less encumbered by armour. (ER -4)


Message History

You feel very mighty all of a sudden. The orc warrior hits you with a club.
You hit the orc warrior but do no damage.
The orc warrior is moderately wounded.
The orc warrior barely misses you.
You riposte.
You closely miss the orc warrior.
The orc warrior is moderately wounded.
You barely miss the orc warrior.
The orc warrior is moderately wounded.
The orc warrior hits you but does no damage.
The orc warrior is struck by your spines.
The orc warrior hits you but does no damage.
You barely miss the orc warrior.
The orc warrior is heavily wounded.
The orc warrior is struck by your spines.
The orc warrior hits you with a club!
You closely miss the orc warrior.
The orc warrior is severely wounded.
The orc warrior hits you with a club!!
You die...

#...# #...# #...#
#...# ####
##'###.... #<....#
##.#..# #.o..# #
###@.# #.#.
####..#.....
###.....5.....
#####...........#.
<...........###.#
####.#.##### #
#.#.######
#.#.##.#.##### #
#.#...#!#.#..#


You could see an orc warrior (berserk) and a friendly shadow imp.

Vanquished Creatures
  A hornet (D:8)
  A hungry ghost (D:7)
  A soldier ant (D:8)
  A phantom (D:5)
  A centaur (D:7)
  A wyvern zombie (D:8)
  3 bullfrogs
  A scorpion (D:5)
  A crimson imp (D:5)
  A centaur zombie (D:6)
  A hound (D:5)
  An orc wizard (D:3)
  A centaur skeleton (D:6)
  4 orc priests
  Jessica (D:2)
  An iguana (D:7)
  2 worker ants
  A howler monkey zombie (D:7)
  3 adders
  A shadow imp (D:7)
  3 oozes
  5 worms
  4 dart slugs
  2 leopard geckos
  15 orcs
  8 bats
  5 giant cockroaches
  10 hobgoblins
  5 jackals
  4 quokkas
  A ball python (D:5)
  4 frilled lizards
  10 goblins
  11 kobolds
  2 quokka skeletons
  9 rats
126 creatures vanquished.

Vanquished Creatures (collateral kills)
  A big kobold (D:7)
1 creature vanquished.

Grand Total: 127 creatures vanquished

Notes
Turn   | Place    | Note
-------+----------+-------------------------------------------
     0 | D:1      | Raptoricus the Demonspawn Berserker began the quest for the Orb.
     0 | D:1      | Reached XP level 1. HP: 18/18 MP: 1/1
   439 | D:1      | Reached skill level 3 in Long Blades
   439 | D:1      | Gained mutation: You are partially covered in sharp spines. [demonic ancestry]
   439 | D:1      | Reached XP level 2. HP: 23/24 MP: 2/2
   835 | D:1      | Gained mutation: You have sharp fingernails. [demonic ancestry]
   835 | D:1      | Reached XP level 3. HP: 25/29 MP: 3/3
  1213 | D:2      | Found an opulent altar of Gozag.
  1214 | D:2      | Reached ** piety under Trog
  1547 | D:2      | Noticed Jessica
  1550 | D:2      | Gained mutation: Your movements are slightly less encumbered by armour. (ER -2) [demonic ancestry]
  1550 | D:2      | Reached XP level 4. HP: 24/36 MP: 4/4
  1554 | D:2      | Killed Jessica
  2128 | D:3      | Found an ancient bone altar of Kikubaaqudgha.
  2148 | D:3      | Found a burning altar of Makhleb.
  2441 | D:3      | Found a roughly hewn altar of Beogh.
  2452 | D:3      | Reached XP level 5. HP: 28/42 MP: 5/5
  2727 | D:4      | Reached skill level 4 in Long Blades
  2741 | D:4      | Reached *** piety under Trog
  3085 | D:4      | Found Sourphouv's Antique Weapon Shop.
  3263 | D:4      | Found a sacrificial altar of Ru.
  3755 | D:5      | Entered Level 5 of the Dungeon
  3778 | D:4      | Bought a runed falchion for 150 gold pieces
  3805 | D:5      | Noticed a phantom
  3841 | D:5      | Killed a phantom
  3841 | D:5      | Gained mutation: A weak demonic guardian rushes to your aid. [demonic ancestry]
  3841 | D:5      | Reached XP level 6. HP: 38/48 MP: 2/6
  3872 | D:5      | Found a staircase to the Ecumenical Temple.
  4555 | D:6      | Found a glowing golden altar of the Shining One.
  4589 | D:6      | Reached skill level 5 in Long Blades
  4590 | D:6      | Gained mutation: You are mostly covered in sharp spines. [demonic ancestry]
  4590 | D:6      | Reached XP level 7. HP: 54/54 MP: 2/7
  4859 | D:6      | Found a stormy altar of Qazlal.
  5155 | D:7      | Found Azocs's Magic Scroll Shop.
  5333 | D:7      | Noticed a hungry ghost
  5342 | D:7      | Killed a hungry ghost
  5342 | D:7      | Reached skill level 6 in Long Blades
  5342 | D:7      | Reached skill level 5 in Armour
  5404 | D:7      | Reached **** piety under Trog
  5599 | D:7      | Gained mutation: Your movements are less encumbered by armour. (ER -4) [demonic ancestry]
  5599 | D:7      | Reached XP level 8. HP: 58/61 MP: 2/8
  5681 | D:7      | Found a shimmering altar of Xom.
  5983 | D:8      | Noticed a hornet
  5990 | D:8      | Killed a hornet
  5995 | D:8      | Reached skill level 5 in Fighting
  5995 | D:8      | Reached skill level 7 in Long Blades
  6060 | D:8      | Found an iron altar of Okawaru.
  6061 | D:8      | Found a bloodstained altar of Trog.
  6079 | D:8      | Slain by an orc warrior

Vault maps used:
D:1:      dpeg_arrival_short_road
D:2:      overflow_temple_1_default, uniq_jessica
D:3:      nicolae_overflow_crystal_walls, overflow_temple_1_default,
          minmay_misc_feat_tower, kennysheep_orc_chapel
D:4:      lemuel_round_altar, serial_shops, nicolae_shop_overgrown_old_shop,
          serial_co_window_serial, co_window_paths_b, co_window_paths_a,
          co_window_corner_a, co_window_of_opportunity_a, co_window_paths_a,
          co_window_paths_b, co_window_of_opportunity_a,
          co_window_unsneaky_path_e, co_window_broadway_b,
          co_window_unsneaky_path_b, co_window_corner_b, co_window_corner_b,
          co_window_corner_ca, co_window_2corner, co_window_sun,
          glass_columns_a, glass_columns_a
D:5:      temple_green, first_ration
D:6:      lemuel_doored_altar, grunt_qazlal_clouds
D:7:      marbit_many_paths, serial_shops,
          nicolae_shop_competitors_out_of_business
D:8:      grunt_temple_overflow_bloody_war, lemuel_round_altar,
          nicolae_dithmenos_the_darkroom, basic_altar,
          hangedman_pestilent_swarm, minivault_5

Skill      XL: |  1  2  3  4  5  6  7  8 |
---------------+-------------------------+-----
Long Blades    | 3 4 5 6 7 |  7.0
Armour         | 2 3 4 5 6 |  6.0
Dodging        | 2 |  2.7
Fighting       | 4 5 |  5.0

Action                   |  1- 3 |  4- 6 |  7- 9 || total
-------------------------+-------+-------+-------++-------
Melee: Falchion          |    89 |   155 |    79 ||   323
Throw: Stone             |     2 |     5 |    12 ||    19
Invok: Berserk           |       |     3 |     1 ||     4
       Burn Spellbooks   |       |     1 |     1 ||     2
  Use: Scroll            |       |     5 |    12 ||    17
       Potion            |       |       |     3 ||     3
  Eat: Chunk             |     2 |    11 |     9 ||    22
Armor: Leather armour    |    13 |       |       ||    13
       Ring mail         |    14 |    14 |       ||    28
       Chain mail        |       |    31 |    12 ||    43
       Plate armour      |       |       |    26 ||    26
Dodge: Dodged            |    48 |    64 |    41 ||   153
       Rpst.: Falchion   |    17 |    22 |    15 ||    54

Table legend:
 A = Spawn XP
 B = Non-spawn XP
 C = Spawn XP percentage of total XP
 D = Spawn monster count
 E = Non-spawn monster count
 F = Spawn count percentage of total count
 G = Total turns spent on level
                    A         B        C        D         E        F      G
               +---------+---------+-------+---------+---------+-------+---------
         Total |       0 |    2104 |   0.0 |       0 |     127 |   0.0 |  6079
               +---------+---------+-------+---------+---------+-------+---------
           D:1 |       0 |      49 |   0.0 |       0 |      27 |   0.0 |  1106
           D:2 |       0 |      97 |   0.0 |       0 |      27 |   0.0 |   817
           D:3 |       0 |     168 |   0.0 |       0 |      20 |   0.0 |   799
           D:4 |       0 |      28 |   0.0 |       0 |       8 |   0.0 |  1058
           D:5 |       0 |     306 |   0.0 |       0 |      10 |   0.0 |   742
           D:6 |       0 |     269 |   0.0 |       0 |      12 |   0.0 |   633
           D:7 |       0 |     543 |   0.0 |       0 |      17 |   0.0 |   773
           D:8 |       0 |     644 |   0.0 |       0 |       6 |   0.0 |   151
               +---------+---------+-------+---------+---------+-------+---------
